 Dungeon Crawl Stone Soup version 0.29-a0-495-g17b79114eb (webtiles) character file.

Game seed: 13590016156817464194

24580 dracfodder the Thaumaturge (level 13, -19/67 HPs)
             Began as a Gargoyle Earth Elementalist on May 27, 2022.
             Was an Initiate of Sif Muna.
             Demolished by a dire elephant (30 damage)
             ... on level 1 of the Lair of Beasts.
             The game lasted 01:55:15 (21136 turns).

dracfodder the Thaumaturge (GrEE)                  Turns: 21136, Time: 01:55:16

Health: -19/67     AC: 19    Str: 11    XL:     13   Next: 14%
Magic:  6/30       EV: 11    Int: 28    God:    Sif Muna [......]
Gold:   1155       SH:  5    Dex: 12    Spells: 17/39 levels left

rFire   + + .      SeeInvis +   p - +10 dagger of Ecsolypi {vorpal, rCorr}
rCold   x x .      Faith    .   (no shield)
rNeg    + + .      Spirit   .   K - +4 ring mail of the Dragon {rC- Int+6 SInv}
rPois   ∞          Reflect  +   (helmet restricted)
rElec   +          Harm     .   (no cloak)
rCorr   +          Rampage  .   (no gloves)
Will    .....                   (no boots)
Stlth   ++........              w - amulet of Kindness {Reflect rF+ SH+5}
HPRegen 0.21/turn               H - ring "Luh Zurgh" {Wiz Dex+2}
MPRegen 0.22/turn               q - ring "Ozuuste" {Fire rN+ Slay+3}

@: brilliant, studying Shields
A: sickness immunity, AC +9, negative energy resistance 1, electricity
resistance, torment resistance 1, petrification resistance, beak, MP-powered
wands
a: Renounce Religion


You were on level 1 of the Lair of Beasts.
You worshipped Sif Muna.
Sif Muna was noncommittal.
You visited 3 branches of the dungeon, and saw 13 of its levels.
You also visited: Bailey.

You collected 1726 gold pieces.
You spent 571 gold pieces at shops.

Inventory:

Hand Weapons
 c - the +3 dagger of Pahusunu {drain, Dex+5}
   (You found it on level 4 of the Dungeon)

   A truly terrible weapon, it drains the life of any living foe it strikes.
   Dex:       It affects your dexterity (+5).
 p - the +10 dagger of Ecsolypi (weapon) {vorpal, rCorr}
   (You found it on level 1 of the Lair of Beasts)

   It inflicts extra damage upon your enemies.
   rCorr:     It protects you from acid and corrosion.
Missiles
 a - 224 stones
 f - 32 poisoned darts
 g - 33 boomerangs
 L - 3 throwing nets
Armour
 b - a +1 robe of resistance
 h - a +2 robe of cold resistance
 i - +0 steam dragon scales
 y - a +0 leather armour of fire resistance
 K - the +4 ring mail of the Dragon (worn) {rC- Int+6 SInv}
   (You bought it in a shop on level 7 of the Dungeon)

   Int:       It affects your intelligence (+6).
   rC:        It makes you vulnerable to cold.
   SInv:      It lets you see invisible.
Jewellery
 l - a ring of protection from cold
 q - the ring "Ozuuste" (right hand) {Fire rN+ Slay+3}
   (You took it off an orc on level 7 of the Dungeon)

   [ring of fire]

   It enhances your fire magic.
   Slay:      It affects your accuracy & damage with ranged weapons and melee
   (+3).
   rF:        It protects you from fire.
   rC:        It makes you vulnerable to cold.
   rN:        It protects you from negative energy.
 w - the amulet of Kindness (around neck) {Reflect rF+ SH+5}
   (You found it on level 7 of the Dungeon)

   [amulet of reflection]

   It reflects blocked missile attacks.
   rF:        It protects you from fire.
   SH:        It affects your SH (+5).
 B - a +4 ring of protection
 C - a ring of flight
 D - a ring of positive energy
 H - the ring "Luh Zurgh" (left hand) {Wiz Dex+2}
   (You found it on level 9 of the Dungeon)

   [ring of wizardry]

   It improves your spell success rate.
   Dex:       It affects your dexterity (+2).
Wands
 u - a wand of paralysis (3)
 x - a wand of polymorph (7)
Scrolls
 j - 3 scrolls of magic mapping
 n - 6 scrolls of amnesia
 v - 2 scrolls of poison
 G - a scroll of vulnerability
 I - a scroll of fear
Potions
 d - 6 potions of curing
 e - 2 potions of cancellation
 k - a potion of magic
 r - a potion of experience {unknown}
 s - 2 potions of might {unknown}
 t - 2 potions of berserk rage {unknown}
 z - 6 potions of flight


   Skills:
 + Level 2.3 Fighting
 + Level 2.9 Short Blades
 + Level 0.2 Axes
 + Level 1.0 Throwing
 + Level 3.8 Armour
 + Level 3.4 Dodging
 + Level 5.4 Stealth
 + Level 2.5 Shields
 * Level 13.5 Spellcasting
 * Level 10.9 Conjurations
 + Level 2.2 Translocations
 + Level 2.0 Transmutations
 + Level 11.5 Earth Magic
 + Level 0.7 Evocations


You had 17 spell levels left.
You knew the following spells:

 Your Spells              Type           Power      Damage    Failure   Level
a - Sandblast             Erth           100%       2d20      1%          1
b - Passwall              Tmut/Erth      59%        N/A       1%          2
c - Apportation           Tloc           94%        N/A       1%          1
d - Stone Arrow           Conj/Erth      100%       3d13      1%          3
e - Petrify               Tmut/Erth      71%        N/A       1%          4
f - Portal Projectile     Hex/Tloc       74%        N/A       4%          3
g - Lehudib's Crystal Sp  Conj/Erth      44%        10d11     82%         8

Your spell library contained the following spells:

 Spells                   Type           Power      Damage    Failure   Level
 Wereblood                Tmut           45%        N/A       1%          2
 Necrotize                Necr           100%       1d9       2%          1
 Summon Small Mammal      Summ           100%       N/A       2%          1
 Gell's Gravitas          Tloc           47%        N/A       3%          3
 Lesser Beckoning         Tloc           47%        N/A       3%          3
 Teleport Other           Tloc           47%        N/A       3%          3
 Tukima's Dance           Hex            28%        N/A       8%          3
 Passage of Golubria      Tloc           47%        N/A       11%         4
 Freezing Cloud           Conj/Ice/Air   28%        6-21      16%         5
 Blade Hands              Tmut           22%        N/A       30%         5
 Alistair's Intoxication  Tmut/Pois      24%        N/A       41%         5
 Silence                  Hex/Air        14%        N/A       54%         5
 Simulacrum               Ice/Necr       14%        N/A       98%         6
 Summon Hydra             Summ           14%        N/A       100%        7
 Polar Vortex             Ice            14%        N/A       100%        9
 Sublimation of Blood     Necr           Unusable   N/A       N/A         2

Dungeon Overview and Level Annotations

Branches:
Dungeon (11/15)            Temple (1/1) D:7            Lair (1/6) D:8
    Orc (0/2) D:10         Bailey (visited)

Altars:
Ashenzari
Cheibriados
Dithmenos
Elyvilon
Fedhas
Gozag
Hepliaklqana
Kikubaaqudgha
Makhleb
Nemelex Xobeh
Okawaru
Qazlal
Ru
Sif Muna
Trog
Uskayaw
Vehumet
Wu Jian
Xom
Yredelemnul
Zin
The Shining One

Shops:
D:7 [

Annotations:
D:3 2 transporters, Gelos's ghost, amateur GnWn


Innate Abilities, Weirdness & Mutations

You are immune to sickness and miasma.
Your stone body is resilient. (AC +9)
You are immune to poison.
You resist negative energy. (rN+)
You are resistant to electric shocks. (rElec)
You are resistant to unholy torment.
You are immune to petrification.
You have a beak for a mouth.
You expend magic power (3 MP) to strengthen your wands.


Message History

Press: ? - help, Q - select action, (/) - cycle Shift-Dir - straight line, f/p - dire elephant
Aim: a dire elephant (heavily wounded, 100% to hit)
You feel a surge of power!
The stone arrow hits the dire elephant!
The dire elephant is severely wounded.
The dire elephant tramples you but does no damage.
You block the dire elephant's attack.
Aiming: Stone Arrow (safe; 1% risk of failure)
Press: ? - help, Q - select action, (/) - cycle Shift-Dir - straight line, f/p - dire elephant
Aim: a dire elephant (severely wounded, 100% to hit)
You feel a surge of power!
The stone arrow hits the dire elephant!!
The dire elephant is almost dead.
The dire elephant tramples you.
* * * LOW HITPOINT WARNING * * *
You stumble backwards!
Aiming: Stone Arrow (safe; 1% risk of failure)
Press: ? - help, Q - select action, (/) - cycle Shift-Dir - straight line, f/p - dire elephant
Aim: a dire elephant (almost dead, 100% to hit)
You feel a surge of power!
The stone arrow hits the dire elephant!
The dire elephant is almost dead.
The dire elephant tramples you but does no damage.
The dire elephant trunk-slaps you.
* * * LOW HITPOINT WARNING * * *
You feel better.
The dire elephant tramples you but does no damage.
You block the dire elephant's attack.
Aiming: Stone Arrow (safe; 1% risk of failure)
Press: ? - help, Q - select action, (/) - cycle Shift-Dir - straight line, f/p - dire elephant
Aim: a dire elephant (almost dead, 100% to hit)
You feel a surge of power!
The stone arrow hits the dire elephant!
The dire elephant is almost dead.
The dire elephant tramples you!
* * * LOW HITPOINT WARNING * * *
You stumble backwards!
The dire elephant attacks as you move away!
The dire elephant tramples you but does no damage.
The dire elephant trunk-slaps you but does no damage.
The dire elephant attacks as you move away!
The dire elephant tramples you!!
You die...

#≈≈≈.# #### #...##..#
#≈≈≈.. #..######
.≈≈≈≈.. #...#
.Y≈≈≈≈≈.. ###..##
.≈≈≈≈≈≈≈≈. ##....##
.≈≈≈≈≈≈≈≈.###......#
#......## ##...Y..##
#....@...##
#.........##
##.........#
#########.........#
#.#.#.##.....>....#
##...............##
#................###
##...###.........#P##
###..###
##.#####.....#


You could see a dire elephant.

Vanquished Creatures
  Snorg (D:11)
  A rakshasa (D:9)
  Harold (D:9)
  Erica (D:9)
  2 centaur warriors (D:9)
  2 two-headed ogres
  A tengu warrior (D:9)
  The ghost of pokeman the Thaumaturge, a journeyman DEWz of Vehumet (D:10)
  A deep elf pyromancer (D:9)
  3 orc knights (Bailey)
  3 cyclopes
  An ugly thing (D:9)
  3 gargoyles
  4 cane toads (Lair:1)
  A rime drake (Lair:1)
  A komodo dragon (Lair:1)
  A kobold demonologist (D:11)
  A freezing wraith (D:10)
  3 trolls
  A hornet (Lair:1)
  A shadow (D:10)
  A vampire (D:7)
  A wraith (D:10)
  A steam dragon (D:8)
  15 yaks
  2 wyverns
  3 basilisks
  5 humans (D:8)
  7 water moccasins
  2 ice beasts (D:7)
  3 sky beasts
  7 black bears
  An ogre (D:5)
  13 orc warriors
  A wolf (Lair:1)
  2 phantoms (D:5)
  5 centaurs
  7 bullfrogs
  Blork the orc (D:4)
  3 kobold brigands
  2 gnoll sergeants
  2 scorpions
  14 wights
  8 killer bees
  4 electric eels (D:7)
  2 howler monkeys
  A jelly (D:6)
  2 gnoll shamans
  6 hounds
  5 orc priests
  8 iguanas
  12 orc wizards
  A killer bee simulacrum (D:9)
  25 gnolls
  10 adders
  A shadow imp (D:7)
  A white imp (D:5)
  An ufetubus (D:5)
  2 worms
  2 dart slugs
  29 orcs
  6 bats
  8 endoplasms
  7 giant cockroaches
  19 goblins
  5 hobgoblins
  A jackal (D:2)
  7 quokkas
  4 ball pythons
  2 frilled lizards (D:2)
  20 kobolds
  3 rats
334 creatures vanquished.

Vanquished Creatures (others)
  40 fungi
  33 plants
73 creatures vanquished.

Grand Total: 407 creatures vanquished

Notes
Turn   | Place    | Note
-------+----------+-------------------------------------------
     0 | D:1      | dracfodder the Gargoyle Earth Elementalist began the quest
                  | for the Orb.
     0 | D:1      | Reached XP level 1. HP: 10/10 MP: 3/3
   249 | D:1      | Reached XP level 2. HP: 15/15 MP: 0/5
   695 | D:1      | Learned a level 2 spell: Passwall
   736 | D:2      | Learned a level 1 spell: Apportation
  1279 | D:2      | Reached XP level 3. HP: 19/19 MP: 4/6
  1342 | D:2      | Learned a level 3 spell: Stone Arrow
  1462 | D:2      | Reached skill level 1 in Conjurations
  2072 | D:2      | Reached skill level 3 in Spellcasting
  2341 | D:3      | Reached XP level 4. HP: 23/24 MP: 0/8
  2512 | D:3      | Noticed Gelos's ghost (amateur GnWn)
  2513 | D:3      | Found a transporter.
  2519 | D:3      | Noticed a water moccasin
  3178 | D:3      | Found a faded altar of an unknown god.
  3257 | D:3      | Found a transporter.
  3440 | D:4      | Reached XP level 5. HP: 28/28 MP: 3/10
  3579 | D:4      | Noticed Blork the orc
  3589 | D:4      | Killed Blork the orc
  3623 | D:4      | Identified the +3 dagger of Pahusunu {drain, Dex+5}
  3853 | D:4      | Reached skill level 5 in Earth Magic
  4326 | D:4      | Reached skill level 4 in Spellcasting
  4328 | D:4      | Reached XP level 6. HP: 32/32 MP: 5/12
  4667 | D:4      | Noticed a sky beast
  4672 | D:4      | Killed a sky beast
  5098 | D:5      | Entered Level 5 of the Dungeon
  5105 | D:5      | Reached XP level 7. HP: 36/36 MP: 2/14
  5480 | D:5      | Reached skill level 5 in Spellcasting
  5607 | D:5      | Reached skill level 1 in Translocations
  6017 | D:5      | Reached XP level 8. HP: 41/41 MP: 11/16
  6285 | D:5      | Learned a level 4 spell: Petrify
  6644 | D:5      | Reached skill level 6 in Spellcasting
  7689 | D:6      | Reached skill level 1 in Short Blades
  7819 | D:6      | Paralysed by a gnoll for 5 turns
  8030 | D:6      | You fall into a shaft and drop 1 floor!
  8102 | D:7      | Reached skill level 7 in Spellcasting
  8102 | D:7      | Reached XP level 9. HP: 45/45 MP: 14/19
  8134 | D:7      | Found Hoonoffy's Armour Emporium.
  8645 | D:7      | Noticed a troll
  8663 | D:7      | Killed a troll
  8664 | D:7      | Reached skill level 8 in Spellcasting
  8664 | D:7      | Reached skill level 1 in Transmutations
  8669 | D:7      | Noticed a cyclops
  8891 | D:7      | Killed a cyclops
  8892 | D:7      | Reached skill level 5 in Conjurations
  8900 | D:7      | Reached skill level 1 in Fighting
  8912 | D:7      | Identified the ring "Ozuuste" {Fire rN+ Slay+3}
  9061 | D:7      | Identified the amulet of Kindness {Reflect rF+ SH+5}
  9357 | D:7      | Reached XP level 10. HP: 41/52 MP: 4/22
  9466 | D:7      | Reached skill level 9 in Spellcasting
  9622 | D:7      | Found a staircase to the Ecumenical Temple.
 11615 | D:7      | Reached skill level 5 in Stealth
 11629 | D:8      | Reached skill level 1 in Armour
 11634 | D:8      | Found a staircase to the Lair.
 11982 | D:7      | Reached skill level 1 in Shields
 12325 | D:8      | Reached skill level 10 in Spellcasting
 13192 | D:9      | Reached XP level 11. HP: 56/56 MP: 21/25
 13248 | D:9      | Noticed Erica
 13258 | D:9      | Killed Erica
 13478 | D:9      | Noticed a two-headed ogre
 13483 | D:9      | Killed a two-headed ogre
 13732 | D:9      | Noticed Harold
 13734 | D:9      | Upgraded the game from 0.29-a0-490-g77b3608bb8 to
                  | 0.29-a0-495-g17b79114eb
 13961 | D:9      | Reached skill level 11 in Spellcasting
 14185 | D:9      | Noticed a cyan ugly thing
 14189 | D:9      | Killed a cyan ugly thing
 14299 | D:7      | Bought the +4 ring mail of the Dragon {rC- Int+6 SInv} for
                  | 571 gold pieces
 14431 | D:9      | Killed Harold
 14592 | D:9      | Noticed a cyclops
 14596 | D:9      | Killed a cyclops
 14601 | D:9      | Noticed a centaur warrior
 14604 | D:9      | Killed a centaur warrior
 14605 | D:9      | Reached skill level 10 in Earth Magic
 14684 | D:9      | Noticed a rakshasa
 14688 | D:9      | Killed a rakshasa
 14749 | D:9      | Noticed a deep elf pyromancer
 14752 | D:9      | Killed a deep elf pyromancer
 14796 | D:9      | Noticed a centaur warrior
 14797 | D:9      | Killed a centaur warrior
 14798 | D:9      | Reached skill level 12 in Spellcasting
 14798 | D:9      | Reached XP level 12. HP: 62/62 MP: 23/28
 14822 | D:9      | Noticed a tengu warrior
 14835 | D:9      | Killed a tengu warrior
 15075 | D:9      | Identified the ring "Luh Zurgh" {Wiz Dex+2}
 15162 | D:10     | Entered Level 10 of the Dungeon
 15231 | D:10     | Found a flagged portal.
 15236 | Bailey   | Entered a bailey
 16206 | D:10     | Found a staircase to the Orcish Mines.
 16793 | D:10     | Found a shimmering altar of Xom.
 16932 | D:10     | Found a runed translucent gate.
 16933 | D:10     | Found a runed translucent gate.
 16933 | D:10     | Found a runed translucent gate.
 16967 | D:10     | Noticed pokeman's ghost (journeyman DEWz)
 17011 | D:10     | Noticed a two-headed ogre
 17017 | D:10     | Killed a two-headed ogre
 17018 | D:10     | Reached skill level 10 in Conjurations
 17336 | D:10     | Killed pokeman's ghost
 17548 | D:11     | Found a snail-covered altar of Cheibriados.
 17721 | D:11     | Learned a level 3 spell: Portal Projectile
 17972 | D:11     | Noticed Snorg
 17980 | D:11     | Killed Snorg
 17981 | D:11     | Reached skill level 13 in Spellcasting
 18285 | D:11     | Gained mutation: Your magical capacity is low. (-10% MP)
                  | [potion of mutation]
 18286 | D:11     | Lost mutation: Your magical capacity is low. (-10% MP)
                  | [potion of mutation]
 18286 | D:11     | Gained mutation: You have a beak for a mouth. [potion of
                  | mutation]
 18286 | D:11     | Gained mutation: You expend magic power (3 MP) to
                  | strengthen your wands. [potion of mutation]
 18350 | D:11     | Learned a level 8 spell: Lehudib's Crystal Spear
 18719 | Temple   | Entered the Ecumenical Temple
 19045 | Temple   | Became a worshipper of Sif Muna the Loreminder
 19125 | Lair:1   | Entered Level 1 of the Lair of Beasts
 19343 | Lair:1   | Reached XP level 13. HP: 67/67 MP: 7/30
 19829 | Lair:1   | Reached skill level 1 in Throwing
 20016 | Lair:1   | Identified the +10 dagger of Ecsolypi {vorpal, rCorr}
 20621 | Lair:1   | Noticed a dire elephant
 21136 | Lair:1   | Demolished by a dire elephant

Illustrated notes

Levels and vault maps discovered:
D:1:      evilmike_arrival_hilbert_curve, layout_basic
D:2:      layout_basic, minmay_hexomino_c4
D:3:      layout_rooms, shapermc_ecumenical_altar_totnotflames,
          gammafunk_ghost_arena, mrwooster_statue_mirror, minmay_ruptured
D:4:      layout_cave_pods, corexii_checkpoint_b, uniq_blork_the_orc
D:5:      layout_loops_cross, minmay_puff
D:6:      layout_gridville, minivault_25
D:7:      nzn_winding_woodlands_cross [nzn_winding_woodlands_5x15_cabin,
          nzn_winding_woodlands_5x15_split_checker,
          nzn_winding_woodlands_5x15_jagged,
          nzn_winding_woodlands_5x15_lazy_stream,
          nzn_winding_woodlands_15x15_eel_pit], layout_layer_cave,
          temple_fountains, serial_shops, shop
D:8:      layout_loops_ring, due_lair_maze_entry_diamond, minmay_ruffians
D:9:      layout_irregular_city, minmay_evil_grid, uniq_erica, uniq_harold
D:10:     layout_basic, lemuel_tele_altar, david_orc_4, enter_bailey_3,
          gammafunk_ghost_spectres, nrook_campfire
D:11:     layout_roguey, kennysheep_slug_shrine, uniq_snorg
Temple:   mainiacjoe_temple_circle_huts
Lair:1:   layout_cave_pods, nicolae_lair_lakeside_cave

Skill      XL: |  1  2  3  4  5  6  7  8  9 10 11 12 13 |
---------------+----------------------------------------+-----
Earth Magic    | 4 5 6 7 8 9 10 11 | 11.5
Conjurations   | 1 2 3 5 7 9 10 | 10.9
Spellcasting   | 3 4 5 7 8 10 12 13 | 13.5
Translocations | 1 2 |  2.2
Stealth        | 4 5 |  5.4
Short Blades   | 1 2 |  2.9
Transmutations | 1 2 |  2.0
Dodging        | 2 3 |  3.4
Fighting       | 1 2 |  2.3
Armour         | 1 3 |  3.8
Shields        | 1 2 |  2.5
Throwing       | 1 |  1.0
Axes           | |  0.2
Evocations     | |  0.7

Action                   |  1- 3 |  4- 6 |  7- 9 | 10-12 | 13-15 || total
-------------------------+-------+-------+-------+-------+-------++-------
Melee: Hand axe          |       |     6 |       |       |       ||     6
       Dagger            |       |     1 |    34 |   152 |     9 ||   196
       Punch             |       |       |       |     1 |       ||     1
       Peck              |       |       |       |       |     3 ||     3
Throw: Dart              |    37 |     8 |       |     9 |     1 ||    55
       Boomerang         |     5 |    10 |       |       |       ||    15
 Cast: Sandblast         |    31 |    60 |    45 |   112 |     2 ||   250
       Apportation       |    18 |       |    28 |    10 |     2 ||    58
       Stone Arrow       |     7 |    17 |    81 |   202 |    44 ||   351
       Petrify           |       |       |     7 |    10 |    11 ||    28
       Passwall          |       |       |     3 |       |       ||     3
       Portal Projectile |       |       |       |     2 |     1 ||     3
Evoke: Wand              |       |       |     7 |     3 |     2 ||    12
  Use: Scroll            |     6 |     4 |     3 |     4 |     4 ||    21
       Potion            |       |     1 |       |     9 |     5 ||    15
 Stab: Petrified         |       |       |     5 |    14 |       ||    19
       Invisible         |       |       |       |     1 |       ||     1
       Petrifying        |       |       |       |     1 |       ||     1
Armor: Robe              |     3 |    11 |    16 |    10 |       ||    40
       Steam dragon scal |       |       |       |    33 |       ||    33
       Leather armour    |       |       |       |    13 |       ||    13
       Ring mail         |       |       |       |    50 |    21 ||    71
Dodge: Dodged            |     7 |    26 |    56 |   134 |    17 ||   240
Block: Other             |       |       |       |    58 |    10 ||    68
       Reflection        |       |       |       |    10 |       ||    10

Table legend: (Time is in decaauts)
 A = Elapsed time spent in this place.
 B = Non-inter-level travel time spent in this place.
 C = Inter-level travel time spent in this place.
 D = Time resting spent in this place.
 E = Time spent auto-exploring this place.
 F = Levels seen in this place.
 G = Mean time per level.
                   A        B        C        D        E       F      G
               +--------+--------+--------+--------+--------+-----+--------+
         Total |  21196 |  20564 |    632 |   7945 |   9356 |  14 | 1514.0 |
       Dungeon |  18205 |  17601 |    604 |   6677 |   8246 |  11 | 1655.0 |
        Temple |    338 |    311 |     27 |      0 |    289 |   1 |  338.0 |
          Lair |   1991 |   1991 |      0 |    959 |    794 |   1 | 1991.0 |
        Bailey |    660 |    660 |      0 |    309 |     27 |   1 |  660.0 |
               +--------+--------+--------+--------+--------+-----+--------+

Top non-repeatable levels by time:
     D:7: 4176 daAuts
  Lair:1: 1991 daAuts
     D:9: 1964 daAuts
     D:4: 1914 daAuts
    D:10: 1717 daAuts
     D:2: 1603 daAuts
     D:5: 1575 daAuts
     D:6: 1401 daAuts
    D:11: 1116 daAuts
     D:8: 1030 daAuts
     D:3: 987 daAuts
     D:1: 718 daAuts
  Bailey: 660 daAuts
  Temple: 338 daAuts
